[Event "34th MPL National U14-ch 2022"]
[Site "Ahmedabad"]
[Date "2022.05.14"]
[Round "11.4"]
[White "Bharadia Yash"]
[Black "Adireddy Arjun"]
[Result "1-0"]
[ECO "B90"]
[WhiteElo "1924"]
[BlackElo "1898"]
[Annotator "TA"]
[PlyCount "81"]
[EventDate "2022.05.09"]
[EventType "swiss"]
[EventCountry "IND"]
[SourceTitle "playchess.com"]
[Source "ChessBase"]
[SourceQuality "1"]
[TimeControl "5400+30"]

1. e4 c5 2. Nf3 d6 3. d4 cxd4 4. Nxd4 Nf6 5. Nc3 a6 6. Be3 e5 7. Nb3 Be6 8. f3 Be7 9. Qd2 O-O 10. O-O-O Nbd7 11. g4 b5 12. g5 b4 {[%emt 0:00:02] 12...Nh5 might become the main line.} 13. Ne2 {[%emt 0:00:39] B90: Sicilian Najdorf: Unusual White 6th moves, 6 Be3 Ng4 and 6 Be3 e5.} Ne8 14. Ng3 (14. Qxb4 a5 15. Qe1 a4 $15) 14... a5 $1 {[%emt 0:08:22][%cal Ba6a5,Ba5a4,Ba4b3][%mdl 32] White must now prevent ...a4.} 15. Kb1 {[%emt 0:00:05] The position is equal.} a4 16. Nc1 Nc7 (16... b3 $5) 17. f4 $1 exf4 18. Bxf4 b3 (18... Nc5 $11) 19. cxb3 ({Don't play} 19. axb3 axb3 20. Nxb3 Bxb3 21. cxb3 Ne6 $11) (19. Nf5 $14) 19... axb3 $11 {[%emt 0:00:24][%cal Ra8a2] ...Rxa2 is the strong threat.} 20. a3 (20. Nxb3 $2 Rxa2 $1 21. Nf5 (21. Qc3 $2 Qa8 $19) 21... Bxb3 $19) 20... Ne5 {[%emt 0:21:37] [#]} 21. h4 $146 (21. Nf5 $11 {keeps the balance.}) ({Predecessor:} 21. Nf5 Ra4 22. Nxe7+ Qxe7 23. Qxd6 Qxd6 24. Rxd6 Rxe4 25. Bg3 Re3 26. Ka1 Bf5 27. Bxe5 Rxe5 {½-½ (39) Egelstaff,R (2255)-Kaupert,V (2254) ICCF email 2017}) 21... f6 (21... Qc8 $1 $17) 22. Nf5 d5 (22... Ra4 $11) 23. Qg2 (23. Qc3 $16 Bxf5 24. exf5) 23... Bxf5 24. exf5 Qd7 25. Bxe5 $40 {[%emt 0:02:07][%mdl 128] White has some attack.} Qxf5+ $2 {[%emt 0:00:57][%mdl 8192] This move loses the game for Black.} (25... fxe5 $11 {and Black stays safe.} 26. f6 Bd6) 26. Bd3 $18 Qxe5 27. Rhe1 Qd6 {[%emt 0:00:12] [#]} 28. Qe2 $1 {[%emt 0:00:48] Intending Bxh7+ and mate.} Rfe8 {[%emt 0:10:41] [#]} (28... g6 $142 29. Qxe7 Qb6 30. gxf6 Rf7) 29. Bxh7+ $1 Kf8 30. Bg6 (30. Qh5 $142 d4 31. Bg6) 30... d4 31. Qh5 Qd5 {[%emt 0:00:02] [#]} 32. Rxd4 $3 Qg8 33. Bxe8 {[%emt 0:03:06][%cal Oe1e7] White wants to mate with Rxe7!} Rxe8 34. g6 Ne6 35. Rde4 Bd6 36. Qd5 Be5 37. Rxe5 fxe5 38. Nd3 (38. Qd6+ $142 Re7 39. Rxe5 Ke8 40. Qc6+ Rd7 41. Qc8+ Ke7 42. Qxg8 Rd6 43. Qf7+ Kd8 44. Rb5) 38... Qh8 39. Nxe5 {[%emt 0:00:14] White mates.} Qxh4 40. Nd7+ Kg8 41. Rxe6 {[%emt 0:00:39] Weighted Error Value: White=0.20 (precise) /Black=0.87} 1-0

[Event "34th MPL National U14-ch 2022"]
[Site "Ahmedabad"]
[Date "2022.05.14"]
[Round "11.5"]
[White "Jval Saurin Patel"]
[Black "Aswath S"]
[Result "1-0"]
[ECO "D31"]
[WhiteElo "1712"]
[BlackElo "1694"]
[Annotator "NA RC COMBH"]
[PlyCount "67"]
[EventDate "2022.05.09"]
[EventType "swiss"]
[EventCountry "IND"]
[SourceTitle "playchess.com"]
[Source "ChessBase"]
[SourceQuality "1"]
[TimeControl "5400+30"]

1. d4 d5 2. c4 e6 3. Nc3 c6 4. e4 dxe4 5. Nxe4 Bb4+ 6. Bd2 Qxd4 7. Bxb4 Qxe4+ 8. Be2 Na6 9. Bc3 Bd7 10. Qd6 Nf6 11. O-O-O Rd8 12. Bd3 Qxg2 13. Ne2 Qg5+ 14. Kb1 Bc8 15. Qa3 Qc5 16. b4 Qe7 17. Rhg1 e5 18. Ng3 c5 19. Qa4+ Bd7 20. b5 Nb4 21. Bf5 e4 22. Bxd7+ Rxd7 23. Nf5 Qd8 24. Nxg7+ Kf8 25. Bxb4 cxb4 26. Nf5 Rd3 27. Qxb4+ Ke8 28. Nd6+ Qxd6 29. Qxd6 Rxd6 30. Rxd6 Ke7 31. Rd4 Rc8 32. Rg5 Ke6 33. c5 h6 34. Rd6+ 1-0

[Event "34th MPL National U14-ch 2022"]
[Site "Ahmedabad"]
[Date "2022.05.14"]
[Round "11.6"]
[White "Shankhodip De"]
[Black "Md Imran"]
[Result "1-0"]
[ECO "E04"]
[WhiteElo "1810"]
[BlackElo "2122"]
[Annotator "TA"]
[PlyCount "68"]
[EventDate "2022.05.09"]
[EventType "swiss"]
[EventCountry "IND"]
[SourceTitle "playchess.com"]
[Source "ChessBase"]
[SourceQuality "1"]
[TimeControl "5400+30"]

1. d4 Nf6 2. c4 e6 3. g3 d5 4. Bg2 dxc4 5. Nf3 Bb4+ 6. Bd2 a5 7. a3 {[%emt 0:00:32] E04: Open Catalan: 5 Nf3.} Be7 8. Qa4+ c6 9. Qxc4 {[%emt 0:00:07] White has an edge.} O-O 10. O-O b5 11. Qc2 Bb7 {[%emt 1:29:53] [#]} 12. Bg5 $146 ({Predecessor:} 12. Nc3 Qb6 13. e4 h6 14. e5 {1-0 (14) Perez Lopez,A (2409)-Jerkovic,L (2263) ICCF email 2018}) 12... Qb6 13. Nbd2 Nbd7 14. Bxf6 (14. Ne4 {seems wilder.} Rfc8 15. Ne5 Qxd4 16. Ng4) 14... Bxf6 15. Ne4 {[%emt 0:03:49] Prevents c5.} Be7 16. Rac1 (16. Neg5 g6 $15) 16... b4 17. Nc5 Nxc5 18. dxc5 Qc7 19. Rfd1 Rfd8 20. Rxd8+ Bxd8 21. e4 Bf6 22. Rd1 Rd8 23. e5 Be7 {[%emt 0:00:00] [#]} ({Better is} 23... Rxd1+ $14 24. Qxd1 Be7) 24. Rd6 $1 $16 Bxd6 $2 {[%emt 0:00:00] This costs Black the game.} (24... bxa3 $16 25. bxa3 Ra8) 25. exd6 $18 ({Worse is} 25. cxd6 Qb6 $11) 25... Qb8 26. Ne5 ({Weaker is} 26. axb4 axb4 27. Qa4 Qa8 28. Qxb4 Rb8 $14) 26... bxa3 27. bxa3 Qa7 $2 (27... f6 {was worth a try.}) 28. Bxc6 {[%emt 0:00:00] White is clearly winning.} f6 29. Bxb7 {[%emt 0:00:00] Black must now prevent Nc6.} Qxb7 {[%emt 0:00:00] KQR-KQN} 30. c6 Qc8 31. Nd7 Kf7 32. Nb6 Qa6 33. c7 Qxb6 34. d7 {[%emt 0:00:00][%mdl 64] [#] Promotion} ({Not} 34. cxd8=B Qxd8 35. Qc7+ (35. Qxh7 Qxd6 36. Qh5+ Ke7 $16) 35... Ke8 $18) 34... Rxd7 {[%emt 0:00:00] Weighted Error Value: White=0.09 (flawless) /Black=0.32} 1-0

[Event "34th MPL National U14-ch 2022"]
[Site "Ahmedabad"]
[Date "2022.05.14"]
[Round "11.7"]
[White "Mayank Chakraborty"]
[Black "Vaz, Ethan"]
[Result "0-1"]
[ECO "B99"]
[WhiteElo "2015"]
[BlackElo "1792"]
[Annotator "TA"]
[PlyCount "114"]
[EventDate "2022.05.09"]
[EventType "swiss"]
[EventCountry "IND"]
[SourceTitle "playchess.com"]
[Source "ChessBase"]
[SourceQuality "1"]
[TimeControl "5400+30"]

1. e4 c5 2. Nf3 d6 3. d4 cxd4 4. Nxd4 Nf6 5. Nc3 a6 6. Bg5 e6 7. f4 Be7 8. Qf3 Qc7 9. O-O-O Nbd7 10. g4 b5 11. Bxf6 Nxf6 12. g5 Nd7 13. f5 O-O {[%emt 0:00:29] B99: Sicilian Najdorf: 6 Bg5 e6 7 f4 Be7 8 Qf3 Qc7 9 0-0-0 Nbd7.} 14. h4 (14. f6 gxf6 15. gxf6 Nxf6 16. Rg1+ Kh8 $17) 14... b4 15. Nce2 {[%emt 0:00:19] next Nf4 is good for White.} Bb7 $1 {[%emt 0:03:28] The position is equal.} (15... Ne5 16. Qg3 $14) 16. Bg2 Rac8 {[%emt 0:10:25] ...e5 is the strong threat.} 17. Kb1 e5 18. f6 $1 exd4 (18... gxf6 $2 19. Nf5 Bd8 20. Nxd6 $18) 19. fxe7 Rfe8 $36 {[%emt 0:02:30][%mdl 2048] Black has good play.} (19... Qxc2+ 20. Ka1 Rfe8 21. Nxd4 $16) 20. Nxd4 {[%emt 0:00:12] [#]} Nc5 $146 ({Predecessor:} 20... Rxe7 21. Qf4 g6 22. h5 Qc5 23. Qd2 Ne5 24. hxg6 fxg6 25. Rhf1 Nf7 26. Rf6 Qxg5 {1-0 (35) Hector,J (2553)-Ahlander,B (2389) Umea 2003}) 21. Qg4 (21. g6 $11 fxg6 22. h5) 21... Qxe7 (21... g6 $1 $17) 22. e5 (22. Nf5 $11 Qe5 23. Rd4) 22... Bxg2 $1 $17 ({Much weaker is} 22... Qxe5 23. Bxb7 Nxb7 24. Rhf1 $11) (22... dxe5 23. Nf5 Qc7 24. Nd6 $16) 23. Qxg2 Qxe5 24. h5 Ne4 25. g6 fxg6 26. hxg6 h6 {[%emt 0:00:10] Active counter play!} 27. Rhe1 Qg3 (27... a5 $17) 28. Qh1 $2 (28. Qxg3 $11 Nxg3 29. Nc6) 28... Qxg6 $19 29. Rg1 Qf6 30. Qh5 (30. Rgf1 {was necessary.} Qe5 31. Qf3) 30... Re5 31. Qh3 Rf8 (31... Rc4 $19 {Hoping for ...Rd5.} 32. Nf3 Rc3 $3 33. bxc3 Nxc3+ 34. Kc1 Nxa2+ 35. Kb1 Nc3+ 36. Kc1 Ne2+ 37. Kb1 Ra5 38. Rxg7+ Kxg7 39. Qg4+ Kh7 40. Qe4+ Kh8 41. Qa8+ Kg7 42. Qb7+ Qf7 43. Qxf7+ Kxf7 44. Rxd6 Rf5) 32. a3 $2 (32. Qb3+ $17 {might work better.} Qf7 33. Qxb4) 32... Nf2 33. Qb3+ Qf7 34. Rd2 Qxb3 35. Nxb3 Ne4 36. Rdg2 Rg5 37. Rxg5 Nxg5 ({Not} 37... hxg5 38. axb4 Rf2 39. c4 $17) 38. axb4 {[%emt 0:00:05][%mdl 4096] Endgame KRN-KRN} Rf4 39. c3 Kf7 (39... Nf3 $19 40. Rh1 Kh7) 40. Nd4 Kf6 41. b5 $2 (41. Rh1 $17) 41... axb5 42. Nxb5 {[%emt 0:00:05] [#]} h5 $1 43. Nxd6 Ne6 44. b4 $2 {[%emt 0:03:11] [#]} (44. Ne8+ $17 Kf7 45. Nd6+ Ke7 46. Nc8+ Kd7 47. Re1) 44... g5 $1 45. Kc2 h4 46. Kd3 $2 (46. Rh1 {was worth a try.}) 46... g4 47. b5 (47. Ne4+ $142 Kf5 48. Nd6+ Kg6 49. b5) 47... h3 {[%emt 0:00:26] White must now prevent ...h2.} 48. Re1 (48. Ne4+ $142 Kf5 49. Ng3+ Kg5 50. Nh1 (50. Ne4+ $2 Kh4 $19)) 48... Rf3+ (48... Nc5+ $142 49. Ke2 Ke5) 49. Kd2 Nc5 {[%emt 0:00:17] Strongly threatening ...Rd3+.} 50. Nc4 g3 {[%emt 0:00:42] ( -> ...h2)} 51. b6 h2 {[%emt 0:00:10] Black mates.} 52. Ne5 Rf2+ 53. Kd1 Kf5 54. Nc4 g2 55. Ne3+ Kf4 56. Nd5+ Kg3 57. Re3+ Rf3 {[%emt 0:00:04] Weighted Error Value: White=0.67/Black=0.20 (precise)} 0-1

[Event "34th MPL National U14-ch 2022"]
[Site "Ahmedabad"]
[Date "2022.05.14"]
[Round "11.8"]
[White "Nirnay Garg"]
[Black "Shaik Sumer Arsh"]
[Result "1/2-1/2"]
[ECO "D02"]
[WhiteElo "1755"]
[BlackElo "1999"]
[Annotator "TA"]
[PlyCount "132"]
[EventDate "2022.05.09"]
[EventType "swiss"]
[EventCountry "IND"]
[SourceTitle "playchess.com"]
[Source "ChessBase"]
[SourceQuality "1"]
[TimeControl "5400+30"]

1. d4 Nf6 2. Bf4 d5 3. e3 c5 4. c3 Nc6 5. Nd2 e6 6. Ngf3 Bd6 {[%emt 0:00:07] 6...cxd4 injects fresh life into this line.} 7. Bg3 O-O 8. Bd3 h6 {[%emt 0:05:51] D02: 1 d4 d5 2 Nf3 sidelines, including 2...Nf6 3 g3 and 2...Nf6 3 Bf4.} 9. Ne5 Bxe5 10. dxe5 Nd7 {[%emt 0:00:25] White is slightly better.} 11. Qh5 f5 12. exf6 Nxf6 {[%emt 0:00:41] [#]} 13. Qd1 $146 (13. Qg6 Ne7 14. Bc7 Qxc7) (13. Qe2 c4 14. Bc2 b5 15. Nf3 a5 16. Rd1 Qb6 17. Ne5 Bb7 18. Ng6 Rf7 19. Be5) ({Wrong is} 13. Qg6 $2 Ne7 14. Bc7 Qxc7 $19) (13. Qe2 $14 {is superior.}) ({Predecessor:} 13. Qe2 c4 14. Bc2 b5 15. Nf3 a5 16. Rd1 Qb6 17. Ne5 Bb7 18. Ng6 Rf7 19. Be5 {1-0 (50) Vaisser,A (2531)-Velten,P (2426) Chalons en Champagne 2014}) 13... e5 $11 14. O-O e4 15. Be2 Kh8 16. Nb3 Qe7 17. c4 Be6 18. cxd5 Bxd5 19. Qc2 b6 20. a3 {[%emt 0:02:29] Prevents Nb4.} Ne5 21. Nd2 Rad8 22. Nc4 (22. Rad1) 22... Nd3 23. b3 (23. Bxd3 exd3 24. Qxd3 Bxg2) ({Don't blunder} 23. Bxd3 $2 exd3 24. Qxd3 Bxg2 $1 $19 ) 23... b5 24. Nb2 Qe6 25. Nxd3 exd3 26. Bxd3 {[%emt 0:00:08] [#] This bishop pair is nice.} Bxg2 $1 {[%emt 0:02:04][%mdl 64] Decoy} 27. Kxg2 Qd5+ 28. Kg1 Qxd3 29. Qxc5 {[%emt 0:00:24] [#]} (29. Qxd3 $15 Rxd3 30. b4) 29... Ne4 $1 $17 30. Qc6 Rf6 {[%emt 0:02:20][%mdl 1024] Black has strong compensation.} 31. Qb7 Nd2 32. Rfd1 Qe2 (32... a6) (32... Kh7 $17) 33. Kh1 $11 Rdf8 34. Be5 R6f7 35. Qg2 Re7 $2 {[%emt 0:02:28] [#]} (35... Nf3 36. Bg3 Qc2) (35... Nf3 $1 $11 {and Black stays safe.} 36. Bg3 a5) 36. Rg1 $1 Rg8 $14 37. f4 (37. Rae1 Qh5 38. f4) 37... Qxe3 38. Rae1 (38. Rac1 Qf3 39. Rc2 Qxg2+ 40. Kxg2) 38... Qf3 {[%emt 0:00:01] The position is equal.} 39. Rd1 Qxg2+ 40. Rxg2 Nxb3 41. Rb2 Na5 42. Rxb5 Nc4 43. Rc5 Nxe5 44. fxe5 $11 {[%emt 0:00:06][%mdl 4096] Endgame KRR-KRR} Rge8 45. Re1 Kh7 46. Kg2 Kg6 47. Kf3 Kf5 48. Ra5 Rc8 49. Re3 Rc6 50. Kg3 g5 51. h4 gxh4+ 52. Kxh4 Rc4+ 53. Kg3 $1 Rg7+ 54. Kf2 Rc2+ 55. Re2 Rxe2+ 56. Kxe2 {[%emt 0:00:04] KR-KR} Ke4 57. Kf2 Kf4 58. e6 Re7 59. Kg2 Kg4 60. Ra4+ Kf5 61. Ra6 Kg4 62. Ra4+ Kg5 63. Ra5+ Kf6 64. Ra6 Rg7+ 65. Kh3 $1 {[%emt 0:00:38][%cal Oe6e7] aiming for e7+!} Rc7 66. Kg4 Ke5 {[%emt 0:01:35] Weighted Error Value: White=0.13 (very precise) /Black=0.14 (very precise)} 1/2-1/2

[Event "34th MPL National U14-ch 2022"]
[Site "Ahmedabad"]
[Date "2022.05.14"]
[Round "11.9"]
[White "Arpith S Bijoy"]
[Black "Chidvilash Sai Surapaneni"]
[Result "1-0"]
[ECO "E03"]
[WhiteElo "1713"]
[BlackElo "1912"]
[Annotator "TA"]
[PlyCount "32"]
[EventDate "2022.05.09"]
[EventType "swiss"]
[EventCountry "IND"]
[SourceTitle "playchess.com"]
[Source "ChessBase"]
[SourceQuality "1"]
[TimeControl "5400+30"]

1. d4 Nf6 2. c4 e6 3. g3 d5 4. Bg2 dxc4 5. Nf3 c5 6. Qa4+ Nbd7 7. dxc5 Bxc5 8. Qxc4 a6 9. O-O b5 10. Qd3 Bb7 11. Nbd2 O-O {[%emt 0:00:00] E03: Open Catalan: 5 Qa4+ Nbd7 6 Qxc4.} 12. Nb3 Be4 13. Qd1 Bb6 14. Bf4 {[%emt 0:12:37] [#]} Bc7 $146 (14... Rc8 $15) ({Predecessor:} 14... Rc8 15. Ne5 Bxg2 16. Kxg2 Nd5 17. Nd3 Rc4 18. Nd2 Rc6 19. Nf3 h6 20. a4 Nc5 21. axb5 axb5 22. Nxc5 Bxc5 {½-½ (29) Sprenger,J (2536)-Ribli,Z (2577) Germany 2008}) 15. Be5 $2 {[%emt 0:58:12][%mdl 8192] [#]} Bd6 $4 ({Don't go for} 15... Bxe5 $2 16. Nxe5 Nxe5 17. Qxd8 Rfxd8 18. f3 $19) (15... Nxe5 $19 {and all is fine.} 16. Qxd8 Raxd8) 16. Bxd6 $18 Qc7 {[%emt 0:00:00] Weighted Error Value: White=1.24/Black=1.45} (16... Re8 $142 17. Rc1 Qb6) 1-0

[Event "34th MPL National U14-ch 2022"]
[Site "Ahmedabad"]
[Date "2022.05.14"]
[Round "11.10"]
[White "Aayush Bhojak"]
[Black "Jaiveer Mahendru"]
[Result "1-0"]
[ECO "D02"]
[WhiteElo "1494"]
[BlackElo "1832"]
[Annotator "NA RC COMBH"]
[PlyCount "57"]
[EventDate "2022.05.09"]
[EventType "swiss"]
[EventCountry "IND"]
[SourceTitle "playchess.com"]
[Source "ChessBase"]
[SourceQuality "1"]
[TimeControl "5400+30"]

1. d4 Nf6 2. Bf4 b6 3. e3 Bb7 4. Nf3 e6 5. Nbd2 Be7 6. Bd3 c5 7. h3 O-O 8. c3 d5 9. O-O c4 10. Bc2 b5 11. Qe2 Nbd7 12. Ne5 Nxe5 13. dxe5 Nd7 14. Nf3 (14. Qg4 $14) 14... Re8 15. Nd4 a6 16. Bh2 Nc5 17. f4 ({Of course not} 17. Qh5 g6 18. Qg4 Qb6 $11) 17... g6 18. f5 exf5 {[%emt 0:00:31] [#]} 19. Nxf5 $1 Bf8 $1 ({Don't do} 19... gxf5 20. Bxf5 Bg5 21. h4 $16) 20. Qf2 Qd7 $1 {[%emt 0:01:06] [#]} 21. Qh4 $1 Ne4 (21... a5 $11) 22. Bxe4 dxe4 23. Rad1 Qc8 $2 (23... Qe6 $16 24. Nd6 Be7) 24. Nd6 Bxd6 {[#]} (24... Qd8 $18 25. Qxd8 Raxd8 26. Nxb7 Rd3) 25. Rxd6 $18 (25. Rxf7 $142 $3 Kxf7 26. Qxh7+ Kf8 27. exd6 Qd7 28. Qxd7 Kg8 29. Rf1 Bd5 30. Rf6) 25... Re6 26. Rfd1 Rxd6 27. exd6 Qd7 28. Qf6 Qd8 29. Be5 1-0